[Event "GambitGuide"]
[Site "Internet Chess Club"]
[Date "2014.10.31"]
[Round "1"]
[White "JSBach"]
[Black "efc1985"]
[Result "0-1"]
[ICCResult "White checkmated"]
[WhiteElo "1668"]
[BlackElo "1292"]
[Opening "Vienna: `Frankenstein-Dracula' variation"]
[ECO "C27"]
[NIC "VG.02"]
[Time "07:03:18"]
[TimeControl "120+12"]

1. e4 e5 2. Nc3 Nf6 3. Bc4 Nxe4 4. Qh5 Nd6 5. Bb3 Nc6 6. Nb5 g6 7. Qf3 f5 8.
Qd5 Qe7 9. Nxc7+ Kd8 10. Nxa8 b6 11. d3 Bb7 12. Nxb6 axb6 13. Qf3 Nd4 14.
Qg3 f4 15. Qg4 h5 16. Qxg6 Rh6 17. Qg8 Kc7 18. Bd2 Bg7 19. Nh3 Rh8 20. Qxh8
Bxh8 21. f3 N6f5 22. Rc1 Qh4+ 23. Nf2 Ne3 24. Bxe3 fxe3 25. g3 exf2+ 26.
Kxf2 Qf6 27. Ke1 Qxf3 28. Kd2 Qg2+ 29. Kc3 Nb5+ 30. Kb4 Qc6 31. d4 Nxd4 32.
Bc4 Nxc2+ 33. Kc3 Nd4 34. Rce1 b5 35. b3 bxc4 36. bxc4 Ba6 37. Kb2 e4 38.
Rb1 Ne2+ 39. Ka3 Qc5+ 40. Rb4 Bc3 41. Rb1 Bxb4+ 42. Rxb4 Nd4 43. Ka4 Bxc4
44. Ka3 Nc2+ 45. Kb2 Nxb4 46. a3 Nc6 47. Kc2 d5 48. a4 d4 49. Kc1 e3 50. Kd1
d3 51. Kc1 e2 52. Kd2 Qg5+ 53. Ke1 d2+ 54. Kf2 e1=Q+ 55. Kf3 Bd5#
{White checkmated}
0-1

[Event "GambitGuide"]
[Site "Internet Chess Club"]
[Date "2014.10.31"]
[Round "1"]
[White "JSBach"]
[Black "Darienor"]
[Result "0-1"]
[ICCResult "White checkmated"]
[WhiteElo "1668"]
[BlackElo "2708"]
[Opening "Vienna: `Frankenstein-Dracula' variation"]
[ECO "C27"]
[NIC "VG.02"]
[Time "07:08:08"]
[TimeControl "120+12"]

1. e4 e5 2. Nc3 Nf6 3. Bc4 Nxe4 4. Qh5 Nd6 5. Bb3 Nc6 6. Nb5 g6 7. Qf3 f5 8.
Qd5 Qe7 9. Nxc7+ Kd8 10. Nxa8 b6 11. d3 Bb7 12. Nxb6 axb6 13. Qf3 Bg7 14.
Qg3 f4 15. Qg4 h5 16. Qh3 g5 17. f3 Nd4 18. Ba4 e4 19. dxe4 g4 20. fxg4
Qxe4+ 21. Kd1 Qxg2 22. Qxg2 Bxg2 23. Bxf4 Ne4 24. c3 Ne6 25. Be3 Kc7 26.
Bxb6+ Kxb6 27. Bxd7 N6c5 28. gxh5 Nxd7 29. a4 Bxh1 30. h3 Ne5 31. Rc1 Bh6
32. Ra1 Rd8+ 33. Kc2 Rd2+ 34. Kb1 Nd3 35. a5+ Ka6 36. Ra2 Nec5 37. Ra3 Rxb2+
38. Ka1 Nb3+ 39. Rxb3 Rxb3 40. h4 Bg7 41. Ne2 Bf3 42. Nd4 Bxd4 43. cxd4 Nb4
44. d5 Be4 45. d6 Rb1# {White checkmated} 0-1

[Event "GambitGuide"]
[Site "Internet Chess Club"]
[Date "2014.10.31"]
[Round "1"]
[White "JSBach"]
[Black "hairypatzerrr"]
[Result "1-0"]
[ICCResult "Black checkmated"]
[WhiteElo "1668"]
[BlackElo "1563"]
[Opening "Vienna: `Frankenstein-Dracula' variation"]
[ECO "C27"]
[NIC "VG.02"]
[Time "07:06:32"]
[TimeControl "120+12"]

1. e4 e5 2. Nc3 Nf6 3. Bc4 Nxe4 4. Qh5 Nd6 5. Bb3 Nc6 6. Nb5 g6 7. Qf3 f5 8.
Qd5 Qe7 9. Nxc7+ Kd8 10. Nxa8 b6 11. d3 Bb7 12. Nxb6 axb6 13. Qf3 Na5 14.
Qg3 Nxb3 15. axb3 f4 16. Qg4 Nf5 17. Ra7 Bc6 18. Nf3 Qb4+ 19. Bd2 Qc5 20.
Bc3 d6 21. b4 Qd5 22. Ra6 Kc7 23. O-O Kb7 24. Rfa1 Bg7 25. Ra7+ Kb8 26. h4
Bf6 27. R1a6 Bxh4 28. Ra1 Bf6 29. R1a6 Nd4 30. Bxd4 exd4 31. Qxf4 Be5 32.
Qg4 Rf8 33. Nxe5 Qxe5 34. Ra1 Qf6 35. f3 Qe5 36. Kh1 Rf5 37. Rxh7 Rg5 38.
Qh3 Qe2 39. Rh8+ Kb7 40. Qc8# {Black checkmated} 1-0

[Event "GambitGuide"]
[Site "Internet Chess Club"]
[Date "2014.10.31"]
[Round "1"]
[White "JSBach"]
[Black "Wannabet"]
[Result "1-0"]
[ICCResult "Black resigns"]
[WhiteElo "1668"]
[BlackElo "1436"]
[Opening "Vienna: `Frankenstein-Dracula' variation"]
[ECO "C27"]
[NIC "VG.02"]
[Time "07:06:44"]
[TimeControl "120+12"]

1. e4 e5 2. Nc3 Nf6 3. Bc4 Nxe4 4. Qh5 Nd6 5. Bb3 Nc6 6. Nb5 g6 7. Qf3 f5 8.
Qd5 Qe7 9. Nxc7+ Kd8 10. Nxa8 b6 11. d3 Bb7 12. Nxb6 axb6 13. Qf3 Bg7 14.
Be3 Kc7 15. Bd5 Nb4 16. Bxb6+ Kxb6 17. Qe3+ Kc7 18. Qc5+ Nc6 19. Nf3 e4 20.
dxe4 Bxb2 21. Rb1 fxe4 22. O-O exf3 23. Rxb2 Qg5 24. Qb6+ Kc8 25. Bxf3 Qd8
26. Qc5 Nf5 27. Rfb1 {Black resigns} 1-0

[Event "GambitGuide"]
[Site "Internet Chess Club"]
[Date "2014.10.31"]
[Round "1"]
[White "JSBach"]
[Black "Wannabet"]
[Result "1-0"]
[ICCResult "Black resigns"]
[WhiteElo "1668"]
[BlackElo "1436"]
[Opening "Vienna: `Frankenstein-Dracula' variation"]
[ECO "C27"]
[NIC "VG.02"]
[Time "07:10:27"]
[TimeControl "120+12"]

1. e4 e5 2. Nc3 Nf6 3. Bc4 Nxe4 4. Qh5 Nd6 5. Bb3 Nc6 6. Nb5 g6 7. Qf3 f5 8.
Qd5 Qe7 9. Nxc7+ Kd8 10. Nxa8 b6 11. d3 Bb7 12. Nxb6 axb6 13. Qf3 e4 14.
dxe4 Nd4 15. Qd3 Bxe4 16. Qxd4 Bxg2+ 17. Be3 Bxh1 18. Qxh8 f4 19. Qd4 fxe3
20. Qxb6+ Ke8 21. Qb8+ Qd8 22. Qxd8+ Kxd8 23. fxe3 {Black resigns} 1-0

[Event "GambitGuide"]
[Site "Internet Chess Club"]
[Date "2014.10.31"]
[Round "1"]
[White "JSBach"]
[Black "Horizonteffekt"]
[Result "1-0"]
[ICCResult "Black resigns"]
[WhiteElo "1668"]
[BlackElo "1400"]
[Opening "Vienna: `Frankenstein-Dracula' variation"]
[ECO "C27"]
[NIC "VG.02"]
[Time "07:09:40"]
[TimeControl "120+12"]

1. e4 e5 2. Nc3 Nf6 3. Bc4 Nxe4 4. Qh5 Nd6 5. Bb3 Nc6 6. Nb5 g6 7. Qf3 f5 8.
Qd5 Qe7 9. Nxc7+ Kd8 10. Nxa8 b6 11. d3 Bb7 12. Nxb6 axb6 13. Qf3 Nd4 14.
Qg3 f4 15. Qg4 N6f5 16. c3 Nxb3 17. axb3 Bg7 18. Ra7 Bc6 19. Nf3 e4 20. dxe4
Qxe4+ 21. Kd1 Re8 22. Re1 Qd3+ 23. Nd2 Bh6 24. c4 Ne3+ 25. fxe3 fxe3 26.
Qh4+ g5 27. Qxh6 e2+ 28. Rxe2 Qxe2+ 29. Kc2 Be4+ 30. Kc3 Qd3+ 31. Kb4
{Black resigns}
1-0

[Event "GambitGuide"]
[Site "Internet Chess Club"]
[Date "2014.10.31"]
[Round "1"]
[White "JSBach"]
[Black "Darienor"]
[Result "0-1"]
[ICCResult "White checkmated"]
[WhiteElo "1668"]
[BlackElo "2708"]
[Opening "Vienna: `Frankenstein-Dracula' variation"]
[ECO "C27"]
[NIC "VG.02"]
[Time "07:10:37"]
[TimeControl "120+12"]

1. e4 e5 2. Nc3 Nf6 3. Bc4 Nxe4 4. Qh5 Nd6 5. Bb3 Nc6 6. Nb5 g6 7. Qf3 f5 8.
Qd5 Qe7 9. Nxc7+ Kd8 10. Nxa8 b6 11. d3 Bb7 12. Nxb6 axb6 13. Qf3 Kc7 14.
Bd2 Nd4 15. Qg3 f4 16. Qg4 g5 17. Bb4 h5 18. Bxd6+ Kxd6 19. Qd1 Bxg2 20. c3
Nc6 21. Bd5 Kxd5 22. Qb3+ Kd6 23. Qxb6 Bh6 24. O-O-O Bxh1 25. d4 exd4 26.
Rxd4+ Ke6 27. Rd2 Kf6 28. Re2 Qd6 29. h4 gxh4 30. Kc2 Rg8 31. Nh3 Bf3 32.
Re1 Bg4 33. Ng1 Bf5+ 34. Kb3 Rb8 35. Qxb8 Qxb8+ 36. Ka3 Bf8+ 37. b4 Bxb4+
38. Kb3 Bxc3+ 39. Kc4 Qb4+ 40. Kd5 Qd4# {White checkmated} 0-1

[Event "GambitGuide"]
[Site "Internet Chess Club"]
[Date "2014.10.31"]
[Round "1"]
[White "JSBach"]
[Black "polarix"]
[Result "1-0"]
[ICCResult "Black checkmated"]
[WhiteElo "1668"]
[BlackElo "1588"]
[Opening "Vienna: `Frankenstein-Dracula' variation"]
[ECO "C27"]
[NIC "VG.02"]
[Time "07:09:47"]
[TimeControl "120+12"]

1. e4 e5 2. Nc3 Nf6 3. Bc4 Nxe4 4. Qh5 Nd6 5. Bb3 Nc6 6. Nb5 g6 7. Qf3 f5 8.
Qd5 Qe7 9. Nxc7+ Kd8 10. Nxa8 b6 11. d3 Bb7 12. Nxb6 axb6 13. Qf3 e4 14. Qe3
Kc7 15. dxe4 Qxe4 16. Qxe4 Nxe4 17. f3 Nc5 18. Bf4+ d6 19. Bc4 Bg7 20. O-O-O
Be5 21. Nh3 Bxf4+ 22. Nxf4 Re8 23. Nd5+ Kb8 24. Nxb6 Ne5 25. Rxd6 Nxc4 26.
Nxc4 Kc7 27. b4 Na6 28. b5 Nb8 29. b6+ Kc8 30. Rhd1 Nc6 31. Rxc6+ Bxc6 32.
Nd6+ Kd7 33. Nxf5+ Ke6 34. Ng7+ Ke7 35. Nxe8 Kxe8 36. c4 Ke7 37. a4 Bxa4 38.
b7 Bxd1 39. Kxd1 Kd7 40. b8=Q Kc6 41. Ke2 Kc5 42. Qb5+ Kd6 43. Qd5+ Kc7 44.
c5 Kc8 45. c6 Kc7 46. Qd7+ Kb6 47. c7 Kc5 48. c8=Q+ Kb4 49. Qdb7+ Ka4 50.
Qca8# {Black checkmated} 1-0

[Event "GambitGuide"]
[Site "Internet Chess Club"]
[Date "2014.10.31"]
[Round "1"]
[White "JSBach"]
[Black "Wannabet"]
[Result "1-0"]
[ICCResult "Black resigns"]
[WhiteElo "1668"]
[BlackElo "1436"]
[Opening "Vienna: `Frankenstein-Dracula' variation"]
[ECO "C27"]
[NIC "VG.02"]
[Time "07:12:03"]
[TimeControl "120+12"]

1. e4 e5 2. Nc3 Nf6 3. Bc4 Nxe4 4. Qh5 Nd6 5. Bb3 Nc6 6. Nb5 g6 7. Qf3 f5 8.
Qd5 Qe7 9. Nxc7+ Kd8 10. Nxa8 b6 11. d3 Bb7 12. Nxb6 axb6 13. Qf3 Bg7 14.
Be3 f4 15. Bxb6+ Kc8 16. Qd5 Nd4 17. Qc5+ {Black resigns} 1-0

[Event "GambitGuide"]
[Site "Internet Chess Club"]
[Date "2014.10.31"]
[Round "1"]
[White "JSBach"]
[Black "Horizonteffekt"]
[Result "1-0"]
[ICCResult "Black resigns"]
[WhiteElo "1668"]
[BlackElo "1400"]
[Opening "Vienna: `Frankenstein-Dracula' variation"]
[ECO "C27"]
[NIC "VG.02"]
[Time "07:12:07"]
[TimeControl "120+12"]

1. e4 e5 2. Nc3 Nf6 3. Bc4 Nxe4 4. Qh5 Nd6 5. Bb3 Nc6 6. Nb5 g6 7. Qf3 f5 8.
Qd5 Qe7 9. Nxc7+ Kd8 10. Nxa8 b6 11. d3 Bb7 12. Nxb6 axb6 13. Qf3 Nd4 14.
Qg3 f4 15. Qg4 N6f5 16. Ne2 Nxe2 17. Kxe2 Nd4+ 18. Ke1 e4 19. Kd1 exd3 20.
Be3 fxe3 21. Qxd4 e2+ 22. Kd2 Bh6+ 23. Kxd3 Ba6+ 24. c4 Re8 25. Qxb6+ Kc8
26. Qxa6+ Kb8 27. Qb6+ {Black resigns} 1-0

[Event "GambitGuide"]
[Site "Internet Chess Club"]
[Date "2014.10.31"]
[Round "1"]
[White "JSBach"]
[Black "Darienor"]
[Result "1-0"]
[ICCResult "Black checkmated"]
[WhiteElo "1668"]
[BlackElo "2708"]
[Opening "Vienna: `Frankenstein-Dracula' variation"]
[ECO "C27"]
[NIC "VG.02"]
[Time "07:12:34"]
[TimeControl "120+12"]

1. e4 e5 2. Nc3 Nf6 3. Bc4 Nxe4 4. Qh5 Nd6 5. Bb3 Nc6 6. Nb5 g6 7. Qf3 f5 8.
Qd5 Qe7 9. Nxc7+ Kd8 10. Nxa8 b6 11. d3 Bb7 12. Nxb6 axb6 13. Qf3 Bg7 14.
Be3 Nd4 15. Qh3 g5 16. Rc1 g4 17. Qh5 Bxg2 18. Bg5 Bf6 19. Bxf6 Qxf6 20. h3
Bxh1 21. hxg4 Bc6 22. g5 Qg6 23. Qh4 h6 24. f4 e4 25. Kd1 Rh7 26. gxh6+ Kc7
27. Qg5 Rxh6 28. dxe4 Nxe4 29. Qxg6 Rxg6 30. Ne2 Nf3 31. Rb1 Nf2+ 32. Kc1
Rh6 33. Ng3 Rh3 34. Nf1 Rh1 35. Bc4 Nh2 36. Kd2 Nxf1+ 37. Bxf1 Bg2 38. Ke2
Rxf1 39. Rxf1 Bxf1+ 40. Kxf2 Ba6 41. a3 Kd6 42. Ke3 Kd5 43. b3 Bb7 44. a4 d6
45. c3 Bc6 46. Kd3 Bd7 47. c4+ Kc5 48. Kc3 Bc6 49. b4# {Black checkmated}
1-0

[Event "GambitGuide"]
[Site "Internet Chess Club"]
[Date "2014.10.31"]
[Round "1"]
[White "JSBach"]
[Black "Wannabet"]
[Result "1-0"]
[ICCResult "Black resigns"]
[WhiteElo "1668"]
[BlackElo "1436"]
[Opening "Vienna: `Frankenstein-Dracula' variation"]
[ECO "C27"]
[NIC "VG.02"]
[Time "07:13:17"]
[TimeControl "120+12"]

1. e4 e5 2. Nc3 Nf6 3. Bc4 Nxe4 4. Qh5 Nd6 5. Bb3 Nc6 6. Nb5 g6 7. Qf3 f5 8.
Qd5 Qe7 9. Nxc7+ Kd8 10. Nxa8 b6 11. d3 Bb7 12. Nxb6 axb6 13. Qf3 Kc7 14.
Bd2 e4 15. Qe3 h5 16. Bd5 Bh6 17. f4 Nd4 18. Qxd4 {Black resigns} 1-0

[Event "GambitGuide"]
[Site "Internet Chess Club"]
[Date "2014.10.31"]
[Round "1"]
[White "JSBach"]
[Black "Wannabet"]
[Result "1-0"]
[ICCResult "Black resigns"]
[WhiteElo "1668"]
[BlackElo "1436"]
[Opening "Vienna: `Frankenstein-Dracula' variation"]
[ECO "C27"]
[NIC "VG.02"]
[Time "07:14:07"]
[TimeControl "120+12"]

1. e4 e5 2. Nc3 Nf6 3. Bc4 Nxe4 4. Qh5 Nd6 5. Bb3 Nc6 6. Nb5 g6 7. Qf3 f5 8.
Qd5 Qe7 9. Nxc7+ Kd8 10. Nxa8 b6 11. d3 Bb7 12. Nxb6 axb6 13. Qf3 e4 14. Qe3
h5 15. Qxb6+ Ke8 16. d4 {Black resigns} 1-0

[Event "GambitGuide"]
[Site "Internet Chess Club"]
[Date "2014.10.31"]
[Round "1"]
[White "JSBach"]
[Black "Darienor"]
[Result "0-1"]
[ICCResult "White checkmated"]
[WhiteElo "1668"]
[BlackElo "2708"]
[Opening "Vienna: `Frankenstein-Dracula' variation"]
[ECO "C27"]
[NIC "VG.02"]
[Time "07:14:00"]
[TimeControl "120+12"]

1. e4 e5 2. Nc3 Nf6 3. Bc4 Nxe4 4. Qh5 Nd6 5. Bb3 Nc6 6. Nb5 g6 7. Qf3 f5 8.
Qd5 Qe7 9. Nxc7+ Kd8 10. Nxa8 b6 11. d3 Bb7 12. Nxb6 axb6 13. Qf3 Bg7 14.
Qg3 f4 15. Qg4 g5 16. Nf3 Bf6 17. Bd5 h5 18. Qh3 g4 19. Be3 gxh3 20. Bxb6+
Kc8 21. O-O Nb4 22. Bxb7+ Kxb7 23. Bc5 Na6 24. Bxd6 Qxd6 25. gxh3 Rg8+ 26.
Kh1 Qd5 27. Rg1 Qxf3+ 28. Rg2 Qxg2# {White checkmated} 0-1

[Event "GambitGuide"]
[Site "Internet Chess Club"]
[Date "2014.10.31"]
[Round "1"]
[White "JSBach"]
[Black "Wannabet"]
[Result "1-0"]
[ICCResult "Black resigns"]
[WhiteElo "1668"]
[BlackElo "1436"]
[Opening "Vienna: `Frankenstein-Dracula' variation"]
[ECO "C27"]
[NIC "VG.02"]
[Time "07:14:50"]
[TimeControl "120+12"]

1. e4 e5 2. Nc3 Nf6 3. Bc4 Nxe4 4. Qh5 Nd6 5. Bb3 Nc6 6. Nb5 g6 7. Qf3 f5 8.
Qd5 Qe7 9. Nxc7+ Kd8 10. Nxa8 b6 11. d3 Bb7 12. Nxb6 axb6 13. Qf3 h5 14. Qg3
e4 15. Bg5 {Black resigns} 1-0

[Event "GambitGuide"]
[Site "Internet Chess Club"]
[Date "2014.10.31"]
[Round "1"]
[White "JSBach"]
[Black "Horizonteffekt"]
[Result "1-0"]
[ICCResult "Black checkmated"]
[WhiteElo "1668"]
[BlackElo "1400"]
[Opening "Vienna: `Frankenstein-Dracula' variation"]
[ECO "C27"]
[NIC "VG.02"]
[Time "07:13:51"]
[TimeControl "120+12"]

1. e4 e5 2. Nc3 Nf6 3. Bc4 Nxe4 4. Qh5 Nd6 5. Bb3 Nc6 6. Nb5 g6 7. Qf3 f5 8.
Qd5 Qe7 9. Nxc7+ Kd8 10. Nxa8 b6 11. d3 Bb7 12. Nxb6 axb6 13. Qf3 Bg7 14.
Be3 e4 15. Bxb6+ Kc8 16. Qe3 Qf6 17. c3 exd3 18. Qxd3 Re8+ 19. Kf1 Ne4 20.
Rd1 Ne5 21. Qb5 Qg5 22. Nf3 Nd2+ 23. Rxd2 Bxf3 24. gxf3 Qxd2 25. Qa6+ Kb8
26. Qa7+ Kc8 27. Qa8# {Black checkmated} 1-0

[Event "GambitGuide"]
[Site "Internet Chess Club"]
[Date "2014.10.31"]
[Round "1"]
[White "JSBach"]
[Black "polarix"]
[Result "1-0"]
[ICCResult "Black resigns"]
[WhiteElo "1668"]
[BlackElo "1588"]
[Opening "Vienna: `Frankenstein-Dracula' variation"]
[ECO "C27"]
[NIC "VG.02"]
[Time "07:13:13"]
[TimeControl "120+12"]

1. e4 e5 2. Nc3 Nf6 3. Bc4 Nxe4 4. Qh5 Nd6 5. Bb3 Nc6 6. Nb5 g6 7. Qf3 f5 8.
Qd5 Qe7 9. Nxc7+ Kd8 10. Nxa8 b6 11. d3 Bb7 12. Nxb6 axb6 13. Qf3 e4 14. Qe3
exd3 15. cxd3 Qxe3+ 16. Bxe3 Kc7 17. Rc1 Bg7 18. Rc2 Ba6 19. d4 Ne4 20. Bd5
Bb7 21. Nf3 Re8 22. O-O Kb8 23. Bf7 Rc8 24. Rfc1 Na7 25. Bf4+ d6 26. Bc4 b5
27. Be6 Rxc2 28. Rxc2 Nc6 29. Bd7 Nxd4 30. Nxd4 Bxd4 31. Bxb5 Be5 32. Bxe5
dxe5 33. b4 Nd6 34. Bc6 Bxc6 35. Rxc6 Ne4 36. a4 Kb7 37. b5 Nd2 38. Rd6 Nc4
39. Rd7+ Kb6 40. Rxh7 Ka5 41. Ra7+ Kb4 42. h4 Nb6 43. Kh2 Nxa4 44. Rxa4+
Kxb5 45. Ra8 e4 46. Rg8 f4 47. Rxg6 e3 48. fxe3 fxe3 49. Re6 Kc4 50. Rxe3
Kd4 51. h5 {Black resigns} 1-0

[Event "GambitGuide"]
[Site "Internet Chess Club"]
[Date "2014.10.31"]
[Round "1"]
[White "JSBach"]
[Black "Darienor"]
[Result "0-1"]
[ICCResult "White checkmated"]
[WhiteElo "1668"]
[BlackElo "2708"]
[Opening "Vienna: `Frankenstein-Dracula' variation"]
[ECO "C27"]
[NIC "VG.02"]
[Time "07:14:52"]
[TimeControl "120+12"]

1. e4 e5 2. Nc3 Nf6 3. Bc4 Nxe4 4. Qh5 Nd6 5. Bb3 Nc6 6. Nb5 g6 7. Qf3 f5 8.
Qd5 Qe7 9. Nxc7+ Kd8 10. Nxa8 b6 11. d3 Bb7 12. Nxb6 axb6 13. Qf3 Bg7 14.
Be3 Nd4 15. Qh3 g5 16. Rc1 g4 17. Qh5 Bxg2 18. Bg5 Bf6 19. Bxf6 Qxf6 20. h3
Bxh1 21. hxg4 Bc6 22. g5 Qg6 23. Qh4 h6 24. f4 e4 25. Kd1 Rh7 26. gxh6+ Kc7
27. Qf2 Ne6 28. Ne2 Rxh6 29. Qe1 Rh2 30. Qb4 Qg4 31. Qe1 Nd4 32. dxe4 Rxe2
33. Bc4 Rxc2+ 34. Be2 Rxe2 35. Rxc6+ dxc6 36. Qf1 Rc2+ 37. Ke1 Rc1+ 38. Kd2
Rxf1 39. Kc3 Nxe4+ 40. Kxd4 Qd1+ 41. Kc4 Qd5+ 42. Kb4 Qb5+ 43. Ka3 Rf3+ 44.
b3 Qa5+ 45. Kb2 Rf2+ 46. Kb1 Nc3+ 47. Ka1 Qxa2# {White checkmated} 0-1

[Event "GambitGuide"]
[Site "Internet Chess Club"]
[Date "2014.10.31"]
[Round "1"]
[White "JSBach"]
[Black "TwoEqualsOne"]
[Result "1-0"]
[ICCResult "Black resigns"]
[WhiteElo "1668"]
[BlackElo "1455"]
[Opening "Vienna: `Frankenstein-Dracula' variation"]
[ECO "C27"]
[NIC "VG.02"]
[Time "07:10:01"]
[TimeControl "120+12"]

1. e4 e5 2. Nc3 Nf6 3. Bc4 Nxe4 4. Qh5 Nd6 5. Bb3 Nc6 6. Nb5 g6 7. Qf3 f5 8.
Qd5 Qe7 9. Nxc7+ Kd8 10. Nxa8 b6 11. d3 Bb7 12. Nxb6 axb6 13. Qf3 Nd4 14.
Qh3 Nxb3 15. axb3 e4 16. d4 Bg7 17. Be3 g5 18. c3 f4 19. Bd2 h6 20. Kf1 Rf8
21. Qg4 e3 22. Bc1 exf2 23. Kxf2 Re8 24. Nh3 Ne4+ 25. Kg1 Nf6 26. Qd1 Qe4
27. Qf1 Nd5 28. Nf2 Qc2 29. Ra7 Ne3 30. Bxe3 fxe3 31. Rxb7 exf2+ 32. Qxf2
Qc1+ 33. Qf1 Re1 34. Rb8+ Kc7 35. Rf8 Rxf1+ 36. Rxf1 Qxb2 37. Rf3 Qxb3 38.
h4 g4 39. Rg3 h5 40. Kh2 b5 41. Ra1 b4 42. Ra7+ Kd6 43. Rb7 Qd5 44. Rxb4 Bf6
45. Rb6+ Ke7 46. Re3+ Kf7 47. Kg3 d6 48. Re1 Qc4 49. Re3 Qc7 50. Ra6 d5+ 51.
Kf2 Bxh4+ 52. Kg1 Qf4 53. Ra7+ Kg6 54. Ra6+ Kf7 55. Ra7+ Kg8 56. Re8+
{Black resigns}
1-0

[Event "GambitGuide"]
[Site "Internet Chess Club"]
[Date "2014.10.31"]
[Round "1"]
[White "JSBach"]
[Black "Horizonteffekt"]
[Result "1-0"]
[ICCResult "Black checkmated"]
[WhiteElo "1668"]
[BlackElo "1400"]
[Opening "Vienna: `Frankenstein-Dracula' variation"]
[ECO "C27"]
[NIC "VG.02"]
[Time "07:15:57"]
[TimeControl "120+12"]

1. e4 e5 2. Nc3 Nf6 3. Bc4 Nxe4 4. Qh5 Nd6 5. Bb3 Nc6 6. Nb5 g6 7. Qf3 f5 8.
Qd5 Qe7 9. Nxc7+ Kd8 10. Nxa8 b6 11. d3 Bb7 12. Nxb6 axb6 13. Qf3 Bg7 14.
Be3 Re8 15. Bxb6+ Kc8 16. Qd5 e4 17. Kf1 exd3 18. cxd3 Nd4 19. Rc1+ Kb8 20.
Bc7+ Ka8 21. Qa5+ Ba6 22. Qxa6# {Black checkmated} 1-0

[Event "GambitGuide"]
[Site "Internet Chess Club"]
[Date "2014.10.31"]
[Round "1"]
[White "JSBach"]
[Black "Wannabet"]
[Result "1-0"]
[ICCResult "Black resigns"]
[WhiteElo "1668"]
[BlackElo "1436"]
[Opening "Vienna: `Frankenstein-Dracula' variation"]
[ECO "C27"]
[NIC "VG.02"]
[Time "07:15:23"]
[TimeControl "120+12"]

1. e4 e5 2. Nc3 Nf6 3. Bc4 Nxe4 4. Qh5 Nd6 5. Bb3 Nc6 6. Nb5 g6 7. Qf3 f5 8.
Qd5 Qe7 9. Nxc7+ Kd8 10. Nxa8 b6 11. d3 Bb7 12. Nxb6 axb6 13. Qf3 Kc7 14.
Bd2 h5 15. Qg3 e4 16. O-O-O Bg7 17. dxe4 Be5 18. Qxg6 Nxe4 19. Be3 f4 20. f3
Nf6 21. Bd2 h4 22. Ne2 Rg8 23. Bxg8 {Black resigns} 1-0

[Event "GambitGuide"]
[Site "Internet Chess Club"]
[Date "2014.10.31"]
[Round "1"]
[White "JSBach"]
[Black "TwoEqualsOne"]
[Result "1-0"]
[ICCResult "Black resigns"]
[WhiteElo "1668"]
[BlackElo "1455"]
[Opening "Vienna: `Frankenstein-Dracula' variation"]
[ECO "C27"]
[NIC "VG.02"]
[Time "07:16:14"]
[TimeControl "120+12"]

1. e4 e5 2. Nc3 Nf6 3. Bc4 Nxe4 4. Qh5 Nd6 5. Bb3 Nc6 6. Nb5 g6 7. Qf3 f5 8.
Qd5 Qe7 9. Nxc7+ Kd8 10. Nxa8 b6 11. d3 Bb7 12. Nxb6 axb6 13. Qf3 Nd4 14.
Qh3 Nxb3 15. axb3 e4 16. d4 Bg7 17. Be3 g5 18. Ne2 f4 19. Bd2 h6 20. Rg1 Re8
21. Ra7 e3 22. fxe3 fxe3 23. Bb4 Qe6 24. Bxd6 Qxd6 25. Rxb7 {Black resigns}
1-0

[Event "GambitGuide"]
[Site "Internet Chess Club"]
[Date "2014.10.31"]
[Round "1"]
[White "JSBach"]
[Black "TwoEqualsOne"]
[Result "1-0"]
[ICCResult "Black resigns"]
[WhiteElo "1668"]
[BlackElo "1455"]
[Opening "Vienna: `Frankenstein-Dracula' variation"]
[ECO "C27"]
[NIC "VG.02"]
[Time "07:17:18"]
[TimeControl "120+12"]

1. e4 e5 2. Nc3 Nf6 3. Bc4 Nxe4 4. Qh5 Nd6 5. Bb3 Nc6 6. Nb5 g6 7. Qf3 f5 8.
Qd5 Qe7 9. Nxc7+ Kd8 10. Nxa8 b6 11. d3 Bb7 12. Nxb6 axb6 13. Qf3 Nd4 14.
Qg3 Nxb3 15. axb3 e4 16. Bg5 {Black resigns} 1-0

[Event "GambitGuide"]
[Site "Internet Chess Club"]
[Date "2014.10.31"]
[Round "1"]
[White "JSBach"]
[Black "Alturia7"]
[Result "1-0"]
[ICCResult "Black resigns"]
[WhiteElo "1668"]
[BlackElo "2401"]
[Opening "Vienna: `Frankenstein-Dracula' variation"]
[ECO "C27"]
[NIC "VG.02"]
[Time "07:17:12"]
[TimeControl "120+12"]

1. e4 e5 2. Nc3 Nf6 3. Bc4 Nxe4 4. Qh5 Nd6 5. Bb3 Nc6 6. Nb5 g6 7. Qf3 f5 8.
Qd5 Qe7 9. Nxc7+ Kd8 10. Nxa8 b6 11. d3 Bb7 12. Nxb6 axb6 13. Qf3 Nd4 14.
Qh3 e4 15. Be3 exd3 16. O-O-O Nxb3+ 17. cxb3 {Black resigns} 1-0

[Event "GambitGuide"]
[Site "Internet Chess Club"]
[Date "2014.10.31"]
[Round "1"]
[White "JSBach"]
[Black "TwoEqualsOne"]
[Result "1-0"]
[ICCResult "Black resigns"]
[WhiteElo "1668"]
[BlackElo "1455"]
[Opening "Vienna: `Frankenstein-Dracula' variation"]
[ECO "C27"]
[NIC "VG.02"]
[Time "07:17:43"]
[TimeControl "120+12"]

1. e4 e5 2. Nc3 Nf6 3. Bc4 Nxe4 4. Qh5 Nd6 5. Bb3 Nc6 6. Nb5 g6 7. Qf3 f5 8.
Qd5 Qe7 9. Nxc7+ Kd8 10. Nxa8 b6 11. d3 Bb7 12. Nxb6 axb6 13. Qf3 Nd4 14.
Qg3 Nxb3 15. axb3 Bg7 16. Be3 e4 17. dxe4 Nxe4 18. Qb8+ {Black resigns} 1-0

[Event "GambitGuide"]
[Site "Internet Chess Club"]
[Date "2014.10.31"]
[Round "1"]
[White "JSBach"]
[Black "Horizonteffekt"]
[Result "1-0"]
[ICCResult "Black resigns"]
[WhiteElo "1668"]
[BlackElo "1400"]
[Opening "Vienna: `Frankenstein-Dracula' variation"]
[ECO "C27"]
[NIC "VG.02"]
[Time "07:16:59"]
[TimeControl "120+12"]

1. e4 e5 2. Nc3 Nf6 3. Bc4 Nxe4 4. Qh5 Nd6 5. Bb3 Nc6 6. Nb5 g6 7. Qf3 f5 8.
Qd5 Qe7 9. Nxc7+ Kd8 10. Nxa8 b6 11. d3 Bb7 12. Nxb6 axb6 13. Qf3 Bg7 14.
Be3 Nd4 15. Qh3 f4 16. Bxd4 exd4+ 17. Kf1 Nf5 18. Ne2 f3 19. gxf3 Re8 20.
Re1 Nh4 21. Bf7 Nxf3 22. Bxe8 Nd2+ 23. Kg1 Nf3+ 24. Kf1 Nd2+ 25. Kg1 Nf3+
26. Kf1 Nd2+ 27. Kg1 Nf3+ 28. Kf1 Nd2+ 29. Kg1 Nf3+ 30. Kf1 Nd2+ 31. Kg1
Nf3+ 32. Kf1 Nd2+ 33. Kg1 Nf3+ 34. Kf1 Nd2+ 35. Kg1 Nf3+ 36. Kf1 Nd2+ 37.
Kg1 Nf3+ 38. Kf1 Nd2+ 39. Kg1 Nf3+ 40. Kf1 Nd2+ 41. Kg1 Nf3+ 42. Kf1 Nd2+
43. Kg1 Nf3+ 44. Kf1 Nd2+ 45. Kg1 Nf3+ 46. Kf1 Nd2+ 47. Kg1 Nf3+ 48. Kf1
Nd2+ 49. Kg1 Nf3+ 50. Kf1 Nd2+ 51. Kg1 Nf3+ 52. Kf1 Nd2+ 53. Kg1 Nf3+ 54.
Kf1 Nd2+ 55. Kg1 Nf3+ 56. Kf1 Nd2+ 57. Kg1 Nf3+ 58. Kf1 Nd2+ 59. Kg1 Nf3+
60. Kf1 Nd2+ 61. Kg1 Nf3+ 62. Kf1 Nd2+ 63. Kg1 Nf3+ 64. Kf1 Nd2+ 65. Kg1
Qg5+ 66. Ng3 Nf3+ 67. Kf1 Nd2+ 68. Kg1 Nf3+ 69. Kf1 Nd2+ 70. Kg1 Nf3+ 71.
Kf1 Nd2+ 72. Kg1 Nf3+ 73. Kf1 Nd2+ 74. Kg1 Nf3+ 75. Kf1 {Black resigns} 1-0

[Event "GambitGuide"]
[Site "Internet Chess Club"]
[Date "2014.10.31"]
[Round "1"]
[White "JSBach"]
[Black "Fifo25"]
[Result "1-0"]
[ICCResult "Black resigns"]
[WhiteElo "1668"]
[BlackElo "1509"]
[Opening "Vienna: `Frankenstein-Dracula' variation"]
[ECO "C27"]
[NIC "VG.02"]
[Time "07:18:20"]
[TimeControl "120+12"]

1. e4 e5 2. Nc3 Nf6 3. Bc4 Nxe4 4. Qh5 Nd6 5. Bb3 Nc6 6. Nb5 g6 7. Qf3 f5 8.
Qd5 Qe7 9. Nxc7+ Kd8 10. Nxa8 b6 11. d3 Bb7 12. Nxb6 axb6 13. Qf3 Nd4 14.
Qh3 e4 15. Be3 exd3 16. O-O-O Nxb3+ 17. cxb3 Be4 18. f3 Bg7 19. fxe4 Qxe4
20. Bxb6+ Kc8 21. Qxd3 {Black resigns} 1-0